 Dungeon Crawl Stone Soup version 0.31-a0-145-g046c7d2549 (webtiles) character file.

Game seed: 11700530333898375465

112 qw the Shooter (level 4, -2/40 HPs)
             Began as a Minotaur Hunter on June 7, 2023.
             Slain by a black bear (4 damage)
             ... on level 4 of the Dungeon.
             The game lasted 00:00:51 (2524 turns).

qw the Shooter (Minotaur Hunter)                    Turns: 2524, Time: 00:00:52

Health: -2/40      AC:  6    Str: 15    XL:     4   Next: 64%
Magic:  3/3        EV: 11    Int:  6    God:
Gold:   139        SH:  0    Dex: 16    Spells: 3/3 levels left

rFire   . . .        Y - +0 shortbow
rCold   . . .        (shield currently unavailable)
rNeg    . . .        i - +0 ring mail
rPois   .            (helmet restricted)
rElec   .            (no cloak)
rCorr   .            (no gloves)
SInv    .            j - +0 pair of boots
Will    .....        h - amulet of faith
Stlth   +            (no ring)
HPRegen 0.26/turn    (no ring)
MPRegen 0.08/turn

%: faith
@: no status effects
A: horns 2, retaliatory headbutt
a: no special abilities


You were on level 4 of the Dungeon.
You visited 1 branch of the dungeon, and saw 4 of its levels.

You collected 139 gold pieces.


Innate Abilities, Weirdness & Mutations

You have a pair of horns on your head.
You reflexively headbutt those who attack you in melee.


   Skills:
 + Level 3.6 Fighting
 - Level 6.0 Ranged Weapons
 - Level 1.0 Armour
 - Level 2.1 Dodging
 - Level 0.7 Stealth


You had 3 spell levels left.
You didn't know any spells.
Your spell library was empty.

Inventory:

Hand Weapons
 b - a +2 sling of flaming
 Y - a +0 shortbow (weapon)
Armour
 i - a +0 ring mail (worn)
 j - a +0 pair of boots (worn)
Jewellery
 h - an amulet of faith (around neck)
Scrolls
 a - a scroll of identify
Potions
 d - a potion of heal wounds
 f - a potion of mutation
 g - a potion of curing
 n - a potion of attraction {unknown}

Dungeon Overview and Level Annotations

Branches:
Dungeon (4/15)
 Temple: D:4-7

Altars:
Gozag


Message History

You shoot an arrow. The arrow hits the black bear.
The black bear is lightly wounded.
You shoot an arrow.
The arrow completely misses the black bear.
The black bear bites you but does no damage.
The black bear barely misses you.
The black bear claws you but does no damage.
You shoot an arrow.
The arrow hits the black bear but does no damage.
The black bear is lightly wounded.
The black bear barely misses you. The black bear completely misses you.
The black bear claws you but does no damage.
You shoot an arrow. The arrow barely misses the black bear.
The black bear bites you.
The black bear claws you but does no damage. x2
The black bear closely misses you. The black bear claws you.
The black bear closely misses you.
You shoot an arrow. The arrow hits the black bear!
The black bear is heavily wounded.
The black bear bites you! The black bear claws you.
The black bear closely misses you.
You shoot an arrow. The arrow hits the black bear.
The black bear is severely wounded.
The black bear bites you. The black bear closely misses you.
The black bear claws you.
You shoot an arrow. The arrow hits the black bear!
The black bear is almost dead.
The black bear goes berserk!
You shoot an arrow. The arrow barely misses the black bear.
The black bear bites you.
The black bear claws you but does no damage.
The black bear barely misses you. The black bear bites you!
The black bear claws you. The black bear closely misses you.
You shoot an arrow.
The arrow hits the black bear but does no damage.
The black bear is almost dead.
The black bear bites you!
The black bear claws you but does no damage.
The black bear claws you.
You die...

# ### #
#.#.#.#<#.#.##
.......@h....#
#.#.#.#.#.#.##
.........
#.#.#.#.#.#
###########


You could see a black bear (berserk).

Vanquished Creatures
  Terence (D:2)
  3 adders
  A worm (D:2)
  An orc (D:3)
  5 bats
  8 endoplasms
  3 giant cockroaches
  4 goblins
  5 hobgoblins
  A jackal (D:1)
  A kobold (D:1)
  3 quokkas
  5 ball pythons
  3 frilled lizards
  10 rats
54 creatures vanquished.

Notes
Turn   | Place    | Note
-------+----------+-------------------------------------------
     0 | D:1      | qw the Minotaur Hunter began the quest for the Orb.
     0 | D:1      | Reached XP level 1. HP: 18/18 MP: 0/0
     0 | D:1      | 0 ||| qw: Version: 0.2-a-117-gc6b5c8b
     0 | D:1      | 0 ||| qw: Game counter: 2462
     0 | D:1      | 0 ||| qw: Always use a shield: true
     0 | D:1      | 0 ||| qw: God list: Okawaru
     0 | D:1      | 0 ||| qw: Allow faded altars: false
     0 | D:1      | 0 ||| qw: Do Orc after D:15 true
     0 | D:1      | 0 ||| qw: Do second Lair branch before Depths: true
     0 | D:1      | 0 ||| qw: Lair rune preference: random
     0 | D:1      | 0 ||| qw: Plans: Normal
     0 | D:1      | 0 ||| PLANNING D:1-11
   256 | D:1      | Reached XP level 2. HP: 25/25 MP: 1/1
   328 | D:1      | Reached skill level 5 in Ranged Weapons
   676 | D:1      | Reached skill level 3 in Fighting
   685 | D:1      | 685 ||| UPGRADING to amulet of faith.
   690 | D:1      | 690 ||| DROPPING ring of flight.
   691 | D:1      | 691 ||| READING 2 scrolls labelled XITHRE SUEGIEL.
   692 | D:1      | 692 ||| READING scroll labelled YMONKU SAGENE.
   695 | D:1      | 695 ||| DROPPING scroll of butterflies.
   974 | D:2      | Reached XP level 3. HP: 31/31 MP: 2/2
  1044 | D:2      | Found an opulent altar of Gozag.
  1234 | D:2      | Noticed Terence
  1248 | D:2      | Killed Terence
  1249 | D:2      | Reached skill level 6 in Ranged Weapons
  1249 | D:2      | Reached XP level 4. HP: 13/38 MP: 3/3
  1497 | D:2      | 1497 ||| UPGRADING to +0 ring mail.
  1507 | D:2      | 1507 ||| DROPPING +0 leather armour.
  1508 | D:2      | 1508 ||| UPGRADING to +0 pair of boots.
  1513 | D:2      | 1513 ||| READING scroll labelled NOXICLISEGE.
  1514 | D:2      | 1514 ||| DRINKING 2 blue potions.
  1515 | D:2      | 1515 ||| DRINKING 2 viscous sapphire potions.
  1517 | D:2      | 1517 ||| Stepping ~*~*~tactically~*~*~ (cloud).
  1770 | D:3      | Reached skill level 1 in Armour
  2368 | D:3      | 2368 ||| READING 2 scrolls labelled LUSHERCH HONIU.
  2369 | D:3      | 2369 ||| READING scroll labelled HUILIM AVVOHI.
  2470 | D:3      | 2470 ||| READING scroll labelled NIZ ROIRGHAEDYWK.
  2471 | D:3      | 2471 ||| READING 4 scrolls of identify.
  2471 | D:3      | 2471 ||| IDENTIFYING lumpy purple potion
  2472 | D:3      | 2472 ||| READING 3 scrolls of identify.
  2472 | D:3      | 2472 ||| IDENTIFYING metallic red potion
  2473 | D:3      | 2473 ||| READING 2 scrolls of identify.
  2473 | D:3      | 2473 ||| IDENTIFYING cyan potion
  2474 | D:3      | 2474 ||| DROPPING scroll of blinking.
  2475 | D:3      | 2475 ||| DROPPING potion of invisibility.
  2476 | D:3      | 2476 ||| DROPPING potion of enlightenment.
  2513 | D:4      | Noticed a black bear
  2524 | D:4      | HP: 2/40 [black bear (10)]
  2524 | D:4      | Slain by a black bear

Levels and vault maps discovered:
D:1:      amcnicky_arrival_underground_garden, layout_loops_ring,
          minmay_split_cup_small
D:2:      layout_loops_ring, basic_altar, uniq_terence
D:3:      layout_basic
D:4:      layout_loops_corners, general_overflow_altar, serial_shops,
          nicolae_shop_pleasant_corner_grove, st_stairs_13,
          minmay_fractal_squares_diagonal_5, uniq_eustachio,
          uniq_crazy_yiuf_cottage

Skill      XL: |  1  2  3  4 |
---------------+-------------+-----
Ranged Weapons | 5 6 |  6.0
Fighting       | 3 |  3.6
Armour         | 1 |  1.0
Dodging        | |  2.1
Stealth        | |  0.7

Action                     |  1- 3 |  4- 6 || total
---------------------------+-------+-------++-------
   Fire: Shortbow          |   107 |    66 ||   173
    Use: Scroll            |     2 |     7 ||     9
         Potion            |       |     2 ||     2
 Armour: Leather armour    |     6 |       ||     6
         Ring mail         |       |    15 ||    15
  Dodge: Dodged            |    23 |    23 ||    46

Table legend:
 A = Non-vault XP
 B = Vault XP
 C = Vault XP percentage of total XP
 D = Non-vault monster count
 E = Vault monster count
 F = Vault count percentage of total count
                 A         B        C        D         E       F
            +---------+---------+-------+---------+---------+-------
      Total |     120 |      41 |  25.5 |      50 |       4 |   7.4
            +---------+---------+-------+---------+---------+-------
        D:1 |      24 |       5 |  17.2 |      16 |       3 |  15.8
        D:2 |      48 |      36 |  42.9 |      14 |       1 |   6.7
        D:3 |      48 |       0 |   0.0 |      20 |       0 |   0.0
            +---------+---------+-------+---------+---------+-------
